 Dungeon Crawl Stone Soup version 0.31-a0-185-g9dded2c639 (webtiles) character file.

Game seed: 14439500153567182485

77 qw the Shooter (level 4, -2/25 HPs)
             Began as a Deep Elf Hunter on June 22, 2023.
             Slain by Sigmund
             ... wielding a +0 scythe
              (7 damage)
             ... on level 3 of the Dungeon.
             The game lasted 00:00:39 (1748 turns).

qw the Shooter (Deep Elf Hunter)                    Turns: 1748, Time: 00:00:39

Health: -2/25      AC:  5    Str: 10    XL:     4   Next: 14%
Magic:  6/6        EV: 12    Int: 14    God:
Gold:   84         SH:  0    Dex: 18    Spells: 3/3 levels left

rFire   . . .        Y - +0 shortbow
rCold   . . .        (shield currently unavailable)
rNeg    . . .        c - +0 leather armour
rPois   .            (no helmet)
rElec   .            (no cloak)
rCorr   .            l - +0 pair of gloves
SInv    .            d - +0 pair of boots
Will    .....        (no amulet)
Stlth   ++           (no ring)
HPRegen 0.24/turn    (no ring)
MPRegen 0.10/turn

%: no passive effects
@: no status effects
A: no striking features
a: no special abilities


You were on level 3 of the Dungeon.
You visited 1 branch of the dungeon, and saw 3 of its levels.

You collected 84 gold pieces.


   Skills:
 - Level 1.5 Fighting
 + Level 7.5 Ranged Weapons
 - Level 2.4 Dodging
 - Level 1.2 Stealth


You had 3 spell levels left.
You didn't know any spells.
Your spell library was empty.

Inventory:

Hand Weapons
 Y - a +0 shortbow (weapon)
Armour
 c - a +0 leather armour (worn)
 d - a +0 pair of boots (worn)
 l - a +0 pair of gloves (worn)
Scrolls
 g - 2 scrolls of teleportation
 k - a scroll of identify
Potions
 a - a potion of degeneration {unknown}
 b - a potion of heal wounds {unknown}
 e - a potion of haste {unknown}
 i - a potion of curing {unknown}
 n - a potion of cancellation {unknown}

Dungeon Overview and Level Annotations

Branches:
Dungeon (3/15)

Altars:
Vehumet

Shops:
D:1 !

Annotations:
D:3 Sigmund


Message History

An adder comes into view.
You shoot an arrow. The arrow hits the adder.
The adder hisses angrily.
The adder is severely wounded.
You shoot an arrow. The arrow hits the adder.
You kill the adder!
Sigmund the Dreaded comes into view.
He is wielding a +0 scythe.
Enter note: You shoot an arrow.
The arrow hits Sigmund!
Sigmund shouts!
Sigmund is moderately wounded.
You shoot an arrow. The arrow hits Sigmund.
Sigmund is heavily wounded.
You shoot an arrow.
The arrow hits Sigmund but does no damage.
Sigmund is heavily wounded.
You shoot an arrow. The arrow hits Sigmund!
Sigmund is severely wounded.
Sigmund mumbles some strange words.
Sigmund flickers and vanishes!
Deactivating autopickup; reactivate with Ctrl-A.
You shoot an arrow. You shoot an arrow. Something hits you but does no damage.
You shoot an arrow. You shoot an arrow. Something hits you!
You shoot an arrow. Something barely misses you.
You shoot an arrow. You shoot an arrow. Something hits you.
You shoot an arrow. Something hits you.
You shoot an arrow. You shoot an arrow. Something hits you but does no damage.
You shoot an arrow. Something hits you!
You die...

.# #....>...#####.##...#
##...........#..)....###
..(.........#.##.####
.##........#. #..#
##..##..#####.## ###
#.......# ####..###
###.# ##....#.....#
######..##@.{....#
#....%.#####.....#
#.##....# .....#
.......# ..... #.##....#
....# #. #....# ...# .
###### ...#


There were no monsters in sight!

Vanquished Creatures
  3 adders
  4 bats
  4 endoplasms
  A giant cockroach (D:1)
  3 goblins
  7 hobgoblins
  5 quokkas
  8 ball pythons
  3 frilled lizards
  7 kobolds
  5 rats
50 creatures vanquished.

Notes
Turn   | Place    | Note
-------+----------+-------------------------------------------
     0 | D:1      | qw the Deep Elf Hunter began the quest for the Orb.
     0 | D:1      | Reached XP level 1. HP: 12/12 MP: 3/3
     0 | D:1      | 0 ||| qw: Version: 0.3-a-9-g12657ce
     0 | D:1      | 0 ||| qw: Game counter: 1814
     0 | D:1      | 0 ||| qw: Always use a shield: true
     0 | D:1      | 0 ||| qw: God list: Okawaru
     0 | D:1      | 0 ||| qw: Allow faded altars: false
     0 | D:1      | 0 ||| qw: Do Orc after D:15 true
     0 | D:1      | 0 ||| qw: Do second Lair branch before Depths: true
     0 | D:1      | 0 ||| qw: Lair rune preference: random
     0 | D:1      | 0 ||| qw: Plans: Normal
     0 | D:1      | 0 ||| PLANNING D:1-11
   168 | D:1      | Found Kugo's Distillery.
   178 | D:1      | 178 ||| SHOPLISTING potion of curing (42 gold, have 17).
   178 | D:1      | 178 ||| SHOPLISTING potion of enlightenment (70 gold, have
                  | 17).
   178 | D:1      | 178 ||| SHOPLISTING potion of heal wounds (70 gold, have
                  | 17).
   178 | D:1      | 178 ||| SHOPLISTING potion of mutation (112 gold, have 17).
   328 | D:1      | Reached skill level 6 in Ranged Weapons
   328 | D:1      | Reached XP level 2. HP: 16/16 MP: 4/4
   765 | D:1      | 765 ||| UPGRADING to +0 pair of boots.
   770 | D:1      | 770 ||| UPGRADING to +0 pair of gloves.
   775 | D:1      | 775 ||| READING scroll labelled EBBUSME NAIDWA.
   776 | D:1      | 776 ||| READING 4 scrolls labelled BOWNILAJ ETHRAE.
   777 | D:1      | 777 ||| READING 2 scrolls labelled NUILEENWIO.
   780 | D:1      | 780 ||| READING 2 scrolls labelled SAG HEUZXIVU.
   781 | D:1      | 781 ||| READING 2 scrolls labelled WISHREU SERUTY.
   782 | D:1      | 782 ||| READING 2 scrolls labelled SACYROAXKOT.
   783 | D:1      | 783 ||| DROPPING scroll of butterflies.
   784 | D:1      | 784 ||| DROPPING 3 scrolls of immolation.
   785 | D:1      | 785 ||| DROPPING scroll of fog.
   786 | D:1      | 786 ||| DROPPING scroll of poison.
   804 | D:2      | 804 ||| STAIRDANCE
   809 | D:1      | Reached XP level 3. HP: 15/20 MP: 5/5
   856 | D:2      | Found a radiant altar of Vehumet.
  1102 | D:2      | Reached skill level 7 in Ranged Weapons
  1587 | D:2      | 1587 ||| DRINKING 2 smoky silvery potions.
  1588 | D:2      | 1588 ||| DROPPING potion of brilliance.
  1639 | D:3      | 1639 ||| STAIRDANCE
  1698 | D:3      | Reached XP level 4. HP: 25/25 MP: 6/6
  1733 | D:3      | Noticed Sigmund
  1745 | D:3      | HP: 4/25 [something (5)]
  1748 | D:3      | Slain by Sigmund

Levels and vault maps discovered:
D:1:      shiori_shiawase, layout_basic, serial_shops,
          nicolae_shop_pleasant_corner_grove, serial_park_tiny_pond
D:2:      layout_rooms, basic_altar, serial_rivers,
          chequers_serial_rivers_room_a, chequers_serial_rivers_micro_a,
          chequers_serial_rivers_large_b, chequers_serial_rivers_micro_e,
          chequers_serial_rivers_micro_e, chequers_serial_rivers_micro_d,
          kennysheep_nub
D:3:      layout_rooms, gammafunk_ghost_smash, st_stairs_5, uniq_sigmund,
          uniq_ijyb

Skill      XL: |  1  2  3 |
---------------+----------+-----
Ranged Weapons | 6 7 |  7.5
Fighting       | |  1.5
Dodging        | |  2.4
Stealth        | |  1.2

Action                     |  1- 3 |  4- 6 || total
---------------------------+-------+-------++-------
   Fire: Shortbow          |   133 |    17 ||   150
    Use: Scroll            |     6 |       ||     6
         Potion            |     1 |       ||     1
 Armour: Leather armour    |    28 |     2 ||    30
  Dodge: Dodged            |    40 |     1 ||    41

Table legend:
 A = Non-vault XP
 B = Vault XP
 C = Vault XP percentage of total XP
 D = Non-vault monster count
 E = Vault monster count
 F = Vault count percentage of total count
                 A         B        C        D         E       F
            +---------+---------+-------+---------+---------+-------
      Total |     106 |       5 |   4.5 |      47 |       3 |   6.0
            +---------+---------+-------+---------+---------+-------
        D:1 |      46 |       0 |   0.0 |      22 |       0 |   0.0
        D:2 |      40 |       0 |   0.0 |      20 |       0 |   0.0
        D:3 |      20 |       5 |  20.0 |       5 |       3 |  37.5
            +---------+---------+-------+---------+---------+-------
